 Dungeon Crawl Stone Soup version 0.25-a0-651-g8c222c7a2b (webtiles) character file.

Game seed: 11489161107574258391, levelgen mode: deterministic

48442 Mehrunes the Brawler (level 14, -2/141 HPs)
             Began as a Troll Monk on Mar 22, 2020.
             Was the Champion of Jiyva.
             Slain by a death yak (23 damage)
             ... in an ice cave.
             The game lasted 00:48:21 (18980 turns).

Mehrunes the Brawler (Troll Monk)                  Turns: 18980, Time: 00:48:21

Health: -2/141     AC: 13    Str: 23    XL:     14   Next: 12%
Magic:  13/13      EV: 15    Int:  6    God:    Jiyva [******]
Gold:   1087       SH:  0    Dex: 19    Spells: 13/13 levels left

rFire    . . .     SeeInvis .     - Unarmed
rCold    . . .     Gourm    +   (no shield)
rNeg     . . .     Faith    .   x - +0 steam dragon scales
rPois    .         Spirit   .   (helmet restricted)
rElec    .         Reflect  .   m - +0 cloak
rCorr    +         Harm     .   (gloves unavailable)
MR       +....                  (boots unavailable)
Stlth    ++........             Q - amulet of magic regeneration
HPRegen  0.73/turn              U - +4 ring of dexterity
MPRegen  0.38/turn              L - +2 ring of protection

@: no status effects
A: large, unfitting armour, claws 3, molten scales 1, deformed body, fast
metabolism 3, gourmand, regeneration 1, shaggy fur 1, tough skin 3, pseudopods
1, translucent skin 1, tendrils
a: Request Jelly, Slimify, Cure Bad Mutation, Renounce Religion


You were in an ice cave.
You worshipped Jiyva.
Jiyva was exalted by your worship.
You were completely stuffed.

You visited 4 branches of the dungeon, and saw 20 of its levels.
You also visited: Ice Cave.

You collected 1087 gold pieces.

Inventory:

Hand Weapons
 e - a +0 hunting sling
 n - the +3 rapier of Kozoc {flame, Int+4}
   (You found it on level 5 of the Lair of Beasts)

   It has been specially enchanted to burn those struck by it, causing extra
   injury to most foes and up to half again as much damage against particularly
   susceptible opponents.
   It affects your intelligence (+4).
 G - a +0 giant spiked club
Missiles
 h - 4 atropa-tipped darts
 k - 9 boomerangs
 u - 5 javelins (quivered)
Armour
 a - a +0 robe
 j - a +0 helmet
 m - a +0 cloak (worn)
 x - +0 steam dragon scales (worn)
Jewellery
 f - an uncursed ring of wizardry
 i - a cursed amulet of faith
 L - a +2 ring of protection (right claw)
 P - a +5 ring of intelligence
 Q - an amulet of magic regeneration (around neck)
 U - a +4 ring of dexterity (left claw)
 X - an uncursed ring of magical power
Wands
 q - a wand of iceblast (10)
 z - a wand of acid (15)
 E - a wand of scattershot (3)
 I - a wand of paralysis (17)
 N - a wand of disintegration (28)
 O - a wand of enslavement (6)
 R - a wand of random effects (22)
 W - a wand of digging (15)
 Y - a wand of polymorph (9)
Scrolls
 c - 7 scrolls of remove curse
 d - a scroll of identify
 g - 7 scrolls of noise
 l - 2 scrolls of fear
 r - 5 scrolls of immolation
 s - a scroll of holy word {unknown}
 t - a scroll of amnesia {unknown}
 v - 4 scrolls of fog
 y - a scroll of magic mapping {unknown}
 D - 2 scrolls of enchant armour
 F - 2 scrolls of vulnerability {unknown}
 J - 4 scrolls of teleportation
 K - 3 scrolls of random uselessness {unknown}
 S - 3 scrolls of blinking
 Z - 2 scrolls of brand weapon {unknown}
Potions
 o - a potion of degeneration
 w - a potion of ambrosia
 A - a potion of lignification
 B - 2 potions of heal wounds
 C - 2 potions of flight
 H - a potion of mutation
 M - 2 potions of curing
 T - a potion of resistance
 V - a potion of stabbing
Comestibles
 b - 27 rations
 p - 12 chunks of flesh


   Skills:
 + Level 9.8 Fighting
 + Level 10.2 Throwing
 + Level 7.0 Armour
 + Level 7.2 Dodging
 - Level 1.0 Stealth
 * Level 15.3 Unarmed Combat


You had 13 spell levels left.
You didn't know any spells.
Your spell library contained the following spells:

 Spells                   Type           Power        Failure   Level  Hunger
 Beastly Appendage        Tmut           #.....       45%         1    ##.....
 Sticks to Snakes         Tmut           #.......     58%         2    ###....
 Recall                   Summ/Tloc      N/A          83%         3    ####...
 Spider Form              Tmut/Pois      #.........   83%         3    ####...
 Animate Dead             Necr           N/A          99%         4    #####..
 Ice Form                 Ice/Tmut       #.......     99%         4    #####..
 Summon Lightning Spire   Summ/Air       #.......     99%         4    #####..
 Blade Hands              Tmut           #.........   100%        5    ######.
 Borgnjor's Vile Clutch   Necr/Erth      #.........   100%        5    ######.
 Silence                  Hex/Air        #.........   100%        5    ######.
 Conjure Ball Lightning   Conj/Air       #.........   100%        6    #######
 Death Channel            Necr           #.........   100%        6    #######
 Deflect Missiles         Chrm/Air       #.........   100%        6    #######
 Simulacrum               Ice/Necr       #.........   100%        6    #######
 Tornado                  Air            #.........   100%        9    #######


Dungeon Overview and Level Annotations

Branches:
Dungeon (12/15)            Temple (1/1) D:5            Lair (6/6) D:9
  Swamp (0/4) Lair:4       Spider (0/4) Lair:2        Slime (1/5) Lair:6
    Orc (0/2) D:12          IceCv (1/1)

Altars:
Ashenzari
Cheibriados
Dithmenos
Elyvilon
Fedhas
Gozag
Hepliaklqana
Kikubaaqudgha
Makhleb
Nemelex Xobeh
Okawaru
Qazlal
Ru
Sif Muna
Trog
Uskayaw
Vehumet
Wu Jian
Xom
Yredelemnul
Zin
Jiyva

Shops:
D:4 =

Annotations:
D:9 exclusion: orange crystal statue
D:10 2 runed translucent doors


Innate Abilities, Weirdness & Mutations

You are too large for most types of armour.
You have claws for hands.
Your metabolism is lightning-fast.
You like to eat raw meat.
Your natural rate of healing is unusually fast.
You are covered in fur. (AC +1)
You have extremely tough skin. (AC +3)
You are partially covered in molten scales. (AC +2)
Armour fits poorly on your strangely shaped body.
Armour fits poorly on your pseudopods.
Your translucent skin slightly reduces your foes' accuracy. (Stealth)
You are covered in slimy tendrils that may disarm your opponents.


Message History

The frost giant casts a spell at your death ooze.
The bolt of cold hits your death ooze!!
Your death ooze resists.
The death yak gores you!!
Your death ooze hits the frost giant.
The frost giant looks less resilient!
Your death ooze hits the frost giant!!
The polar bear moves out of view.
You see here a polar bear corpse.
You catch the helpless frost giant completely off-guard!
You scratch the frost giant but do no damage.
The frost giant is almost dead.
The frost giant casts a spell at you. The bolt of cold hits you!!
* * * LOW HITPOINT WARNING * * *
The death yak gores you!
* * * LOW HITPOINT WARNING * * *
Your death ooze hits the frost giant!
Your death ooze hits the frost giant!!
The frost giant dies!
Your Armour skill increases to level 7!
The yak closely misses you. The death yak gores you!!
You die...

#..##### #..#
##.#
#.###..####.##
##..#
#..###⌠.#
#..###..##
##.##...#
##..#...#
#...#..#
#.....##
##..#.##
##....#
#####.##
##..## ##J##.#
#..# #@†#.##
#.##
#...hYY#.##
##.
#|$#..YY#.# #
#...#### ##.#
##


You could see a death yak, a polar bear, 3 yaks and a friendly death ooze.

Vanquished Creatures
  Kirke (D:12)
  2 hydras
  A merfolk avatar (Lair:6)
  Erica (D:9)
  6 death yaks
  2 two-headed ogres
  An unseen horror (D:12)
  A sea snake (Lair:6)
  A harpy (Lair:6)
  A manticore (D:11)
  An ugly thing (D:11)
  A gargoyle (D:12)
  3 black mambas
  An ice statue (IceCv)
  2 elephants (Lair:6)
  10 spiny frogs
  A kobold demonologist (D:11)
  6 komodo dragons
  5 rime drakes
  3 meliai (D:12)
  16 polar bears
  A hornet (Lair:6)
  2 trolls
  A hippogriff (shapeshifter) (D:11)
  12 blink frogs
  4 hippogriffs
  A shadow (D:12)
  A wraith (D:10)
  2 wyverns (Lair:6)
  Sigmund (D:2)
  3 spriggans
  37 yaks
  4 basilisks
  A hog (D:12)
  A steam dragon (D:8)
  5 vampire mosquitoes (Lair:4)
  16 water moccasins
  Duvessa (D:6)
  2 porcupines
  3 orc warriors
  3 black bears
  A hornet zombie (D:7)
  10 ice beasts
  A necrophage (D:7)
  3 sky beasts
  3 phantoms
  An eye of draining (D:10)
  5 ogres
  10 crocodiles
  7 centaurs
  25 wolves
  3 big kobolds
  16 bullfrogs
  Dowan (D:6)
  A wyvern skeleton (D:11)
  3 scorpions
  4 wights (D:7)
  28 killer bees
  3 howler monkeys
  An electric eel (Lair:4)
  4 crimson imps
  A quasit (D:11)
  3 bullfrog zombies
  2 centaur skeletons
  3 centaur zombies
  3 orc priests
  8 hounds
  4 jellies
  2 bullfrog skeletons
  Jessica (D:2)
  4 orc wizards
  Ijyb (D:5)
  3 iguanas
  7 worker ants
  A hound skeleton (D:4)
  2 hound zombies (D:7)
  4 gnolls (D:2)
  A howler monkey skeleton (D:7)
  10 adders
  A shadow imp (D:7)
  7 oozes
  2 adder skeletons
  3 worms
  A dart slug (D:3)
  6 leopard geckos
  29 orcs
  3 ball pythons
  7 bats
  7 giant cockroaches
  13 goblins
  9 hobgoblins
  19 jackals
  5 quokkas
  4 frilled lizards
  A jackal zombie (D:5)
  15 kobolds
  2 leopard gecko skeletons
  A leopard gecko zombie (D:7)
  5 rats
  A butterfly (Lair:4)
  A fungus (Lair:5)
  A plant (Lair:4)
500 creatures vanquished.

Vanquished Creatures (collateral kills)
  A frost giant (IceCv)
1 creature vanquished.

Vanquished Creatures (others)
  A hydra (Slime:1)
  A manticore (D:11)
  A centaur zombie (D:11)
  A rime drake (Lair:6)
  A polar bear (IceCv)
  8 slime creatures
  A human (D:12)
  A black bear (D:12)
  2 centaurs (D:12)
  28 jellies
  A killer bee (D:12)
  A crimson imp (D:11)
  9 fungi (Lair:6)
  26 plants (Lair:6)
82 creatures vanquished.

Grand Total: 583 creatures vanquished

Notes
Turn   | Place    | Note
-------+----------+-------------------------------------------
     0 | D:1      | Mehrunes the Troll Monk began the quest for the Orb.
     0 | D:1      | Reached XP level 1. HP: 22/22 MP: 0/0
   275 | D:1      | Reached XP level 2. HP: 28/29 MP: 1/1
   830 | D:1      | Reached XP level 3. HP: 36/36 MP: 2/2
  1023 | D:2      | Noticed Jessica
  1030 | D:2      | Killed Jessica
  1071 | D:2      | Reached skill level 4 in Unarmed Combat
  1071 | D:2      | Reached XP level 4. HP: 41/44 MP: 3/3
  1124 | D:2      | Reached skill level 1 in Throwing
  1297 | D:2      | Noticed Sigmund
  1316 | D:2      | Killed Sigmund
  1316 | D:2      | Reached skill level 5 in Unarmed Combat
  1316 | D:2      | Reached XP level 5. HP: 4/53 MP: 4/4
  1316 | D:2      | Reached XP level 6. HP: 5/61 MP: 5/5
  2038 | D:3      | Found a sparkling altar of Nemelex Xobeh.
  2675 | D:4      | Found Jetuotot's Jewellery Emporium.
  2863 | D:4      | Found a burning altar of Makhleb.
  2889 | D:4      | Found an ornate altar of the Wu Jian Council.
  2890 | D:4      | Found an ancient bone altar of Kikubaaqudgha.
  3014 | D:4      | Reached XP level 7. HP: 68/68 MP: 6/6
  3357 | D:5      | Entered Level 5 of the Dungeon
  3565 | D:5      | Reached skill level 6 in Unarmed Combat
  3594 | D:5      | Found a staircase to the Ecumenical Temple.
  3654 | Temple   | Entered the Ecumenical Temple
  3809 | D:5      | Found a bloodstained altar of Trog.
  3902 | D:5      | Found a shimmering blue altar of Sif Muna.
  3905 | D:5      | Found a glowing silver altar of Zin.
  3911 | D:5      | Noticed Ijyb
  3917 | D:5      | Killed Ijyb
  4466 | D:6      | Noticed Dowan
  4467 | D:6      | Noticed Duvessa
  4478 | D:6      | Reached XP level 8. HP: 71/78 MP: 7/7
  4481 | D:6      | Killed Duvessa
  4484 | D:6      | Killed Dowan
  4484 | D:6      | Reached skill level 7 in Unarmed Combat
  5175 | D:7      | Reached skill level 8 in Unarmed Combat
  5264 | D:7      | Reached skill level 5 in Fighting
  5269 | D:7      | Reached skill level 5 in Dodging
  5271 | D:7      | Reached XP level 9. HP: 72/88 MP: 8/8
  5761 | D:7      | Reached skill level 5 in Throwing
  5765 | D:7      | Reached skill level 9 in Unarmed Combat
  6572 | D:8      | Reached XP level 10. HP: 97/98 MP: 9/9
  6857 | D:9      | Noticed Erica
  6875 | D:9      | Killed Erica
  6875 | D:9      | Reached skill level 10 in Unarmed Combat
  7090 | D:9      | Found a staircase to the Lair.
  7259 | D:9      | Noticed an orange crystal statue
  7270 | D:9      | Found the +8 demon trident "Rift" {distort, reach+}
  7752 | D:10     | Entered Level 10 of the Dungeon
  7796 | D:10     | Found a runed translucent door.
  8289 | D:10     | Noticed a two-headed ogre
  8299 | D:10     | Killed a two-headed ogre
  8299 | D:10     | Reached skill level 11 in Unarmed Combat
  8505 | D:10     | Found a runed translucent door.
  8862 | Lair:1   | Entered Level 1 of the Lair of Beasts
  9202 | D:9      | Reached XP level 11. HP: 66/107 MP: 10/10
  9544 | Lair:1   | Reached skill level 1 in Armour
  9691 | Lair:1   | HP: 5/109 [poisoned by a black mamba]
  9696 | Lair:1   | HP: 4/109 [poisoned by a black mamba]
  9701 | Lair:1   | HP: 3/109 [poisoned by a black mamba]
  9707 | Lair:1   | HP: 4/109 [poisoned by a black mamba]
 10515 | Lair:2   | Found a hole to the Spider Nest.
 11666 | Lair:3   | Found an ancient bone altar of Kikubaaqudgha.
 11669 | Lair:3   | Reached skill level 12 in Unarmed Combat
 11698 | Lair:3   | Noticed a six-headed hydra
 13012 | Lair:4   | Noticed a six-headed hydra
 13030 | Lair:4   | Killed a six-headed hydra
 13309 | Lair:4   | Found a staircase to the Swamp.
 13406 | Lair:4   | Reached XP level 12. HP: 75/119 MP: 11/11
 14573 | Lair:5   | Got a scorched rapier
 14574 | Lair:5   | Identified the +3 rapier of Kozoc {flame, Int+4} (You found
                  | it on level 5 of the Lair of Beasts)
 14586 | Lair:6   | Entered Level 6 of the Lair of Beasts
 14597 | Lair:6   | Reached skill level 13 in Unarmed Combat
 14772 | Lair:6   | Noticed a death yak
 14772 | Lair:6   | Noticed a death yak
 14772 | Lair:6   | Noticed a death yak
 14774 | Lair:6   | Noticed a death yak
 14791 | Lair:6   | Killed a death yak
 14799 | Lair:6   | Killed a death yak
 14815 | Lair:6   | Killed a death yak
 14829 | Lair:6   | Killed a death yak
 15090 | Lair:6   | Reached skill level 5 in Armour
 15112 | Lair:6   | Noticed a merfolk avatar
 15157 | Lair:6   | Killed a merfolk avatar
 15373 | Lair:6   | Reached XP level 13. HP: 111/130 MP: 12/12
 15387 | Lair:6   | Reached skill level 14 in Unarmed Combat
 15467 | Lair:6   | Found a runed translucent door.
 15468 | Lair:6   | Found a viscous altar of Jiyva.
 15469 | Lair:6   | Found a staircase to the Slime Pits.
 15484 | Lair:6   | Became a worshipper of Jiyva Jewkou the Shapeless
 15484 | Lair:6   | Reached * piety under Jiyva
 15484 | Lair:6   | Reached ** piety under Jiyva
 15776 | Lair:6   | Reached *** piety under Jiyva
 15776 | Lair:6   | Gained mutation: You are covered in slimy tendrils that may
                  | disarm your opponents. [Jiyva's grace]
 16388 | Lair:6   | HP: 3/131 [eight-headed hydra (4)]
 16504 | Slime:1  | Entered Level 1 of the Pits of Slime
 16526 | Slime:1  | Noticed an acid blob
 16778 | Lair:5   | Gained mutation: Your translucent skin slightly reduces
                  | your foes' accuracy. (Stealth) [Jiyva's grace]
 16968 | D:11     | Reached **** piety under Jiyva
 16987 | D:11     | Noticed Snorg
 16992 | D:11     | Slimified Snorg
 16992 | D:11     | Noticed Snorg
 16992 | D:11     | Snorg changed into Snorg the slime creature
 17105 | D:11     | Killed Snorg the slime creature
 17219 | D:11     | Gained mutation: Armour fits poorly on your strangely
                  | shaped body. [Jiyva's grace]
 17425 | D:11     | Noticed an azure jelly
 17425 | D:11     | a seven-headed hydra changed into an azure jelly
 17556 | D:11     | Lost mutation: Armour fits poorly on your strangely shaped
                  | body. [Jiyva's grace]
 17710 | D:12     | Reached ***** piety under Jiyva
 17836 | D:12     | Found a staircase to the Orcish Mines.
 17861 | D:12     | Noticed Kirke
 17879 | D:12     | Killed Kirke
 17922 | D:12     | Gained mutation: Armour fits poorly on your strangely
                  | shaped body. [Jiyva's grace]
 18311 | D:12     | Gained mutation: You are partially covered in molten
                  | scales. (AC +2) [Jiyva's grace]
 18347 | D:12     | Found a frozen archway.
 18396 | IceCv    | Entered an ice cave
 18427 | IceCv    | Reached skill level 15 in Unarmed Combat
 18479 | IceCv    | Reached skill level 10 in Throwing
 18688 | IceCv    | Reached ****** piety under Jiyva
 18688 | IceCv    | Gained mutation: Armour fits poorly on your pseudopods.
                  | [Jiyva's grace]
 18746 | IceCv    | Reached XP level 14. HP: 116/141 MP: 13/13
 18971 | IceCv    | Noticed a frost giant
 18979 | IceCv    | Killed a frost giant
 18980 | IceCv    | Slain by a death yak

Levels and vault maps discovered:
D:1:      dpeg_arrival_chase, layout_basic
D:2:      layout_basic, first_ration, uniq_sigmund, uniq_jessica
D:3:      layout_loops_ring, nemelex_spade_bored_becter
D:4:      layout_gridville, chequers_temple_overflow_statue_of_worship,
          serial_shops, nicolae_shop_trees, minmay_cut_off
D:5:      layout_basic, lemuel_crystal_altar, lemuel_crystal_altar,
          minmay_temple_entry_proselytizer, trog_three_pillars_becter, uniq_ijyb
D:6:      layout_basic, serial_corexii_hall, chequers_hall_statues_corner_a,
          corexii_hall_statues_t, minmay_misc_feat_pillars, uniq_duvessa
D:7:      layout_loops_ring, grunt_ministairs_2, the_bakery
D:8:      layout_basic
D:9:      minmay_inner_zag, layout_basic, nicolae_overflow_hidden_temple,
          dpeg_oklobed_lair, minivault_15, dk_rats_in_the_wall, uniq_erica
D:10:     cheibrodos_histonic, layout_basic
D:11:     layout_stronghold, uniq_snorg
D:12:     layout_basic, special_room [special_room_bee],
          portal_ice_cave_entry_ice_beasts, lemuel_old_faithful, uniq_gastronok,
          uniq_kirke, uniq_maurice
Temple:   lightli_temple_of_artemis
Lair:1:   layout_regular_city
Lair:2:   layout_chaotic_city, dummy_spider_entry
Lair:3:   layout_cave_pods, basic_altar
Lair:4:   layout_gridlike, minmay_swamp_entry_swarm, forest_entry_grove,
          grunt_megastairs_2, infiniplex_staircase_pool_2, lemuel_fruit_fields
Lair:5:   layout_misc_corridors
Lair:6:   gammafunk_lair_ancient_temple, layout_long_grid, slime_altar_2,
          gammafunk_ghost_abyssal_escape
Slime:1:  layout_caves
IceCv:    ice_cave_caverns_01

Skill      XL: |  1  2  3  4  5  6  7  8  9 10 11 12 13 14 |
---------------+-------------------------------------------+-----
Unarmed Combat | 4 5 6 8 9 11 12 13 15 | 15.3
Fighting       | 3 4 5 6 7 8 9 |  9.8
Throwing       | 1 2 3 4 5 6 7 9 10 | 10.2
Dodging        | 3 4 5 6 7 |  7.2
Armour         | 3 5 6 7 |  7.0
Stealth        | |  1.0

Action                   |  1- 3 |  4- 6 |  7- 9 | 10-12 | 13-15 || total
-------------------------+-------+-------+-------+-------+-------++-------
Melee: Unarmed           |    70 |   183 |   332 |   541 |   560 ||  1686
       Punch             |       |     2 |    13 |    38 |    46 ||    99
       Giant spiked club |       |       |       |     4 |    13 ||    17
       Pseudopods        |       |       |       |       |    31 ||    31
Throw: Boomerang         |       |     3 |       |    12 |     7 ||    22
       Javelin           |       |       |    16 |    19 |     1 ||    36
       Dart              |       |       |     1 |     1 |       ||     2
       Throwing net      |       |       |       |     1 |       ||     1
Invok: Request Jelly     |       |       |       |       |     9 ||     9
       Slimify           |       |       |       |       |     4 ||     4
Evoke: Wand              |       |       |       |     1 |    17 ||    18
  Use: Potion            |       |     4 |     1 |     7 |     3 ||    15
       Scroll            |       |       |       |    16 |       ||    16
 Stab: Sleeping          |     3 |     4 |     4 |     2 |     1 ||    14
       Invisible         |       |     1 |       |       |       ||     1
       Distracted        |       |       |       |     2 |     5 ||     7
       Fleeing           |       |       |       |     2 |       ||     2
  Eat: Chunk             |    15 |    18 |    32 |    77 |    20 ||   162
       Ration            |       |       |       |     1 |       ||     1
Armor: Robe              |    31 |    78 |    78 |       |       ||   187
       Steam dragon scal |       |       |    27 |   201 |   275 ||   503
Dodge: Dodged            |    48 |   120 |   227 |   394 |   587 ||  1376

Table legend:
 A = Non-vault XP
 B = Vault XP
 C = Vault XP percentage of total XP
 D = Non-vault monster count
 E = Vault monster count
 F = Vault count percentage of total count
                 A         B        C        D         E       F
            +---------+---------+-------+---------+---------+-------
      Total |   37947 |   31256 |  45.2 |     359 |     141 |  28.2
            +---------+---------+-------+---------+---------+-------
        D:1 |      41 |       0 |   0.0 |      22 |       0 |   0.0
        D:2 |     123 |     249 |  66.9 |      30 |       2 |   6.2
        D:3 |     121 |       0 |   0.0 |      31 |       0 |   0.0
        D:4 |     272 |      82 |  23.2 |      14 |       4 |  22.2
        D:5 |     181 |      80 |  30.7 |       8 |       2 |  20.0
        D:6 |     986 |     223 |  18.4 |      25 |       2 |   7.4
        D:7 |    1623 |     393 |  19.5 |      40 |       3 |   7.0
        D:8 |    1158 |       0 |   0.0 |      19 |       0 |   0.0
        D:9 |    1342 |    1336 |  49.9 |       9 |       5 |  35.7
       D:10 |    3048 |       0 |   0.0 |      23 |       0 |   0.0
       D:11 |    4449 |       0 |   0.0 |      36 |       0 |   0.0
       D:12 |    3313 |    5079 |  60.5 |      20 |      33 |  62.3
     Lair:1 |    1765 |       0 |   0.0 |       8 |       0 |   0.0
     Lair:2 |    2377 |       0 |   0.0 |      10 |       0 |   0.0
     Lair:3 |    1707 |       0 |   0.0 |       7 |       0 |   0.0
     Lair:4 |    4309 |    2216 |  34.0 |      17 |      13 |  43.3
     Lair:5 |    2088 |       0 |   0.0 |       9 |       0 |   0.0
     Lair:6 |    9044 |    9819 |  52.1 |      31 |      30 |  49.2
      IceCv |       0 |   11779 | 100.0 |       0 |      47 | 100.0
            +---------+---------+-------+---------+---------+-------
